 Dungeon Sprint DCSS version 0.32-a0-433-g08bcfe7efd (webtiles) character file.

Game seed: 11297523384481577128

1546 adelrune the Basher (level 8, -4/79 HPs)
             Began as a Minotaur Fighter on Feb 22, 2024.
             Was a Priest of Cheibriados.
             Slain by a boulder beetle (10 damage)
             ... in the Dungeon (Sprint IX: "|||||||||||||||||||||||||||||").
             The game lasted 00:02:03 (307 turns).

adelrune the Basher (Minotaur Fighter)               Turns: 307, Time: 00:02:03

Health: -4/79      AC: 16    Str: 29    XL:     8   Next: 57%
Magic:  10/11      EV: 15    Int: 13    God:    Cheibriados [***...]
Gold:   0          SH:  8    Dex: 23    Spells: 7/7 levels left

rFire   . . .        n - +2 morningstar (pain)
rCold   . . .        c - +0 buckler
rNeg    . . .        p - +1 chain mail
rPois   .            (helmet restricted)
rElec   .            o - +0 cloak
rCorr   .            (no gloves)
SInv    .            (no boots)
Will    .....        (no amulet) Stlth
                     q - +2 ring of protection
HPRegen 0.33/turn    r - +3 ring of dexterity
MPRegen 0.12/turn

%: no teleportation
@: very slow
A: horns 2, retaliatory headbutt
a: Renounce Religion, Bend Time, Temporal Distortion


You were in the Dungeon.
You worshipped Cheibriados.
Cheibriados was most pleased with you.
You visited 1 branch

Inventory:

Hand Weapons
 a - a +0 flail
 n - a +2 morningstar of pain (weapon)
Armour
 b - a +0 scale mail
 c - a +0 buckler (worn)
 o - a +0 cloak (worn)
 p - a +1 chain mail (worn)
Jewellery
 q - a +2 ring of protection (left hand)
 r - a +3 ring of dexterity (right hand)
Wands
 m - a wand of roots (10)
Scrolls
 j - 2 scrolls of blinking
 l - 2 scrolls of amnesia
Potions
 d - a potion of might
 e - 5 potions of curing
 f - 2 potions of heal wounds
 g - a potion of haste
 h - 4 potions of magic
 i - a potion of berserk rage
 k - a potion of invisibility


   Skills:
 + Level 9.9 Fighting
 * Level 12.8 Maces & Flails
 + Level 9.9 Armour
 + Level 8.0 Dodging
 + Level 9.6 Shields
 + Level 5.6 Invocations


You had 7 spell levels left.
You didn't know any spells.
Your spell library was empty.

Dungeon Overview and Level Annotations

Branches:
Dungeon (1/1)

Altars:
Cheibriados
Dithmenos
Elyvilon
Fedhas
Gozag
Hepliaklqana
Kikubaaqudgha
Makhleb
Nemelex Xobeh
Okawaru
Qazlal
Ru
Sif Muna
Trog
Uskayaw
Vehumet
Wu Jian
Xom
Yredelemnul
Zin
The Shining One
Beogh
Jiyva
Lugonu


Innate Abilities, Weirdness & Mutations

You have a pair of horns on your head.
You reflexively headbutt those who attack you in melee.


Message History

You barely miss the slime creature. You headbutt the slime creature!
The slime creature is moderately wounded.
The boulder beetle leaps!
The slime creature barely misses you.
The boulder beetle leaps!
The slime creature attacks as it pursues you!
You block the slime creature's attack.
The boulder beetle curls into a ball and begins rolling!
Items here: ) [[ †.
The slime creature attacks as it pursues you!
The slime creature barely misses you. The slime creature hits you!
The boulder beetle misses you.
The boulder beetle stops rolling and uncurls.
The boulder beetle barely misses you.
You barely miss the boulder beetle. You block the slime creature's attack.
The boulder beetle bites you.
You puncture the boulder beetle!
You headbutt the boulder beetle, but do no damage.
The boulder beetle is lightly wounded.
You block the slime creature's attack.
The boulder beetle waves its antennae.
The boulder beetle misses you. You furiously retaliate!
You headbutt the boulder beetle!
You hit the boulder beetle but do no damage.
You headbutt the boulder beetle.
The boulder beetle is heavily wounded.
The slime creature barely misses you.
You hit the boulder beetle but do no damage.
The boulder beetle is heavily wounded.
The boulder beetle barely misses you. The slime creature hits you!
* * * LOW HITPOINT WARNING * * *
You hit the boulder beetle but do no damage.
You headbutt the boulder beetle.
The boulder beetle is heavily wounded.
The boulder beetle misses you. The slime creature hits you.
* * * LOW HITPOINT WARNING * * *
You barely miss the boulder beetle.
The boulder beetle is heavily wounded.
The boulder beetle bites you!
You die...
Cheibriados appreciates the motionlessness of death.

▓.▓
▓.▓
▓'▓
▓.▓
▓c▓
▓u▓
▓u▓
▓J▓
▓@▓
▓B▓
▓.▓
▓.▓
▓.▓
▓[▓
▓.▓
▓.▓
▓)▓


You could see a boulder beetle, 2 ugly things, a slime creature and a centaur
warrior.

Vanquished Creatures
  A tengu warrior (D)
  A hornet (D)
  A yak (D)
  A steam dragon (D)
  A wyvern (D)
  A centaur (D)
  A phantom (D)
  A scorpion (D)
  A killer bee (D)
  An iguana (D)
  A sleepcap (D)
  An adder (D)
  2 dart slugs (D)
  A ball python (D)
  A kobold (D)
  A rat (D)
17 creatures vanquished.

Notes
Turn   | Place    | Note
-------+----------+-------------------------------------------
     0 | D        | adelrune the Minotaur Fighter began the quest for the Orb.
     0 | D        | Reached XP level 1. HP: 19/19 MP: 0/0
     6 | D        | Reached skill level 3 in Maces & Flails
     7 | D        | Reached skill level 1 in Dodging
    17 | D        | Noticed a scorpion
    17 | D        | Noticed a sleepcap
    17 | D        | Noticed an iguana
    17 | D        | Noticed a phantom
    23 | D        | Reached skill level 4 in Maces & Flails
    23 | D        | Reached XP level 2. HP: 28/28 MP: 1/1
    42 | D        | Killed a phantom
    43 | D        | Reached skill level 5 in Fighting
    43 | D        | Reached skill level 6 in Maces & Flails
    43 | D        | Reached skill level 5 in Armour
    43 | D        | Reached skill level 5 in Shields
    43 | D        | Reached XP level 3. HP: 36/36 MP: 2/2
    43 | D        | Reached XP level 4. HP: 42/42 MP: 3/3
    46 | D        | Reached skill level 7 in Maces & Flails
    50 | D        | Reached XP level 5. HP: 38/50 MP: 4/4
    52 | D        | Reached skill level 8 in Maces & Flails
    57 | D        | Found a roughly hewn altar of Beogh.
    57 | D        | Found a snail-covered altar of Cheibriados.
    57 | D        | Found a shadowy altar of Dithmenos.
    57 | D        | Found a white marble altar of Elyvilon.
    57 | D        | Found a blossoming altar of Fedhas.
    57 | D        | Found an opulent altar of Gozag.
    58 | D        | Found a hazy altar of Hepliaklqana.
    59 | D        | Found a viscous altar of Jiyva.
    60 | D        | Found an ancient bone altar of Kikubaaqudgha.
    61 | D        | Became a worshipper of Cheibriados the Contemplative
    93 | D        | Found a corrupted altar of Lugonu.
    94 | D        | Found a burning altar of Makhleb.
    95 | D        | Found a sparkling altar of Nemelex Xobeh.
    96 | D        | Found an iron altar of Okawaru.
    97 | D        | Found a stormy altar of Qazlal.
    98 | D        | Found a sacrificial altar of Ru.
    99 | D        | Found a shimmering blue altar of Sif Muna.
   100 | D        | Found a bloodstained altar of Trog.
   101 | D        | Found a hide-covered altar of Uskayaw.
   102 | D        | Found a radiant altar of Vehumet.
   103 | D        | Found an ornate altar of the Wu Jian Council.
   104 | D        | Found a shimmering altar of Xom.
   105 | D        | Found a basalt altar of Yredelemnul.
   106 | D        | Found a glowing silver altar of Zin.
   107 | D        | Found a glowing golden altar of the Shining One.
   152 | D        | Noticed a wyvern
   152 | D        | Noticed a steam dragon
   152 | D        | Noticed a centaur
   152 | D        | Noticed a hornet
   152 | D        | Noticed a yak
   159 | D        | Killed a yak
   160 | D        | Reached skill level 9 in Maces & Flails
   160 | D        | Reached skill level 5 in Dodging
   160 | D        | Reached XP level 6. HP: 30/60 MP: 4/6
   167 | D        | Killed a hornet
   167 | D        | Reached * piety under Cheibriados
   168 | D        | Reached skill level 10 in Maces & Flails
   168 | D        | Reached XP level 7. HP: 45/68 MP: 4/8
   171 | D        | Reached ** piety under Cheibriados
   172 | D        | Reached skill level 11 in Maces & Flails
   174 | D        | Killed a steam dragon
   176 | D        | Killed a wyvern
   176 | D        | Reached *** piety under Cheibriados
   284 | D        | Noticed a centaur warrior
   284 | D        | Noticed a brown ugly thing
   284 | D        | Noticed a purple ugly thing
   284 | D        | Noticed a slime creature
   284 | D        | Noticed a tengu warrior
   284 | D        | Noticed a boulder beetle
   297 | D        | Killed a tengu warrior
   298 | D        | Reached skill level 12 in Maces & Flails
   298 | D        | Reached skill level 5 in Invocations
   298 | D        | Reached XP level 8. HP: 32/79 MP: 9/11
   307 | D        | Slain by a boulder beetle

Illustrated notes

Levels and vault maps discovered:
D:        linesprint [early_d, line_temple, items_1, d_10, items_2, lair_1,
          lair_end, items_3, orc_1, orc_end, items_4, d_15, swamp_1, shoals_1,
          snake_1, spider_1, d_20, vaults_1, items_5, swamp_end, shoals_end,
          snake_end, spider_end, vaults_end, d_27, items_6, zot_1, zot_end,
          crypt_end, forest_end, elf_end, slime_end, tomb_end, abyss_end,
          pan_hell_end]

Skill      XL: |  1  2  3  4  5  6  7 |
---------------+----------------------+-----
Maces & Flails | 4 6 7 9 10 12 | 12.8
Fighting       | 4 5 6 7 8 9 |  9.9
Armour         | 4 5 6 7 8 9 |  9.9
Dodging        | 1 3 4 5 6 8 |  8.0
Shields        | 4 5 6 7 8 9 |  9.6
Invocations    | 2 3 5 |  5.6

Action                     |  1- 3 |  4- 6 |  7- 9 || total
---------------------------+-------+-------+-------++-------
  Melee: Flail             |    32 |     8 |       ||    40
         Headbutt          |     2 |     4 |     8 ||    14
         Morningstar       |       |    14 |    27 ||    41
    Use: Potion            |       |     1 |       ||     1
 Armour: Scale mail        |    15 |     4 |       ||    19
         Chain mail        |       |    11 |    28 ||    39
  Dodge: Dodged            |    12 |     8 |    17 ||    37
  Block: Buckler           |     6 |     4 |    12 ||    22

Table legend: (Time is in decaauts)
 A = Elapsed time spent in this place.
 B = Non-inter-level travel time spent in this place.
 C = Inter-level travel time spent in this place.
 D = Time resting spent in this place.
 E = Time spent auto-exploring this place.
 F = Levels seen in this place.
 G = Mean time per level.
                   A        B        C        D        E       F      G
               +--------+--------+--------+--------+--------+-----+--------+
         Total |    330 |    330 |      0 |    129 |      0 |   1 |  330.0 |
       Dungeon |    330 |    330 |      0 |    129 |      0 |   1 |  330.0 |
               +--------+--------+--------+--------+--------+-----+--------+

Top non-repeatable levels by time:
       D: 330 daAuts
